 Dungeon Crawl Stone Soup version 0.22.1-1-ga44c0e5 (webtiles) character file.

583 Anon1729 the Chopper (level 7, -7/64 HPs)
             Began as a Naga Gladiator on Oct 6, 2018.
             Killed by divine providence
             ... invoked by an orc priest
              (17 damage)
             ... on level 5 of the Dungeon.
             The game lasted 00:03:54 (3072 turns).

Anon1729 the Chopper (Naga Gladiator)               Turns: 3072, Time: 00:03:55

Health: -7/64      AC:  5    Str: 16    XL:     7   Next: 37%
Magic:  7/7        EV: 10    Int: 11    God:
Gold:   244        SH:  0    Dex: 12    Spells: 6/6 levels left

rFire    . . .     SeeInvis +   x - -3 hand axe (curse)
rCold    . . .     Gourm    .   (no shield)
rNeg     . . .     Faith    .   b - +0 leather armour
rPois    +         Spirit   .   c - +0 helmet
rElec    .         Reflect  .   (no cloak)
rCorr    .         Harm     .   (no gloves)
MR       .....                  (no barding)
Stlth    +.........             (no amulet)
HPRegen  0.20/turn              (no ring)
MPRegen  0.10/turn              (no ring)

@: short of breath, drained, very slow
A: large, see invisible, deformed body, poison resistance, slowness 2, slow
metabolism 1, spit poison 1, AC +2
a: Spit Poison


You were on level 5 of the Dungeon.
You were near starving.

You visited 1 branch of the dungeon, and saw 5 of its levels.

You collected 244 gold pieces.

Inventory:

Hand Weapons
 a - a +0 war axe
 x - a cursed -3 hand axe (weapon)
Missiles
 d - 4 throwing nets (quivered)
 u - 5 tomahawks of dispersal
Armour
 b - a +0 leather armour (worn)
 c - a +0 helmet (worn)
Jewellery
 r - an uncursed amulet of harm
Wands
 t - a wand of enslavement (1)
Scrolls
 e - a scroll of identify
 i - 2 scrolls of fog
 j - 3 scrolls of noise
 l - a scroll of immolation
 m - a scroll of amnesia
 o - a scroll of magic mapping
 s - 3 scrolls of teleportation
 v - a scroll of blinking
 w - a scroll of enchant weapon
Potions
 g - a potion of lignification {unknown}
 h - a potion of invisibility {unknown}
 k - 2 potions of agility {unknown}
 n - 4 potions of curing {unknown}
 p - a potion of degeneration {unknown}
 q - a potion of flight {unknown}
Comestibles
 f - 10 rations


   Skills:
 + Level 4.0(2.9) Fighting
 * Level 5.9(4.7) Axes
 - Level 2.0(1.0) Throwing
 + Level 2.6(1.6) Armour
 - Level 3.2(2.1) Dodging


You had 6 spell levels left.
You didn't know any spells.
Your spell library was empty.

Dungeon Overview and Level Annotations

Branches:
Dungeon (5/15)
 Temple: D:4-7

Altars:
Kikubaaqudgha
Xom


Innate Abilities, Weirdness & Mutations

You cannot wear boots.
Your serpentine skin is tough. (AC +2)
You have supernaturally acute eyesight. (SInv)
Armour fits poorly on your strangely shaped body.
Your system is resistant to poisons. (rPois)
You cover ground very slowly.
You have a slow metabolism.
You can spit poison.


Message History

You barely miss the orc priest.
The orc priest is moderately wounded.
The orc priest invokes the aid of Beogh against you.
Beogh smites you!
* * * LOW HITPOINT WARNING * * *
Okay, then.
You hit the orc priest.
The orc priest is heavily wounded.
The orc priest invokes the aid of Beogh against you.
Pain shoots through your body!
* * * LOW HITPOINT WARNING * * *
The orc priest misses you.
Unknown command.
You closely miss the orc priest.
The orc priest is heavily wounded.
You hit the orc priest but do no damage.
The orc priest is heavily wounded.
The orc priest mumbles some strange prayers to Beogh against you.
Beogh smites you!
You die...

##### ########
#...######......#
#......o@.......#
#..#.#.#)#.###..#
#..#.#.#.#.# ..#
....###.###.# ..#
###... ... ...
o.# ##...... ...
... #.###.###.#.
.##. ..# ... #.#.
.. . #.#


You could see an orc priest.

Vanquished Creatures
  Sigmund (D:3)
  An ogre (D:4)
  A scorpion (D:3)
  A centaur zombie (D:4)
  A bullfrog skeleton (D:5)
  A jelly (D:4)
  An orc wizard (D:5)
  3 worker ants (D:4)
  4 adders
  A worm (D:4)
  2 dart slugs
  An orc (D:3)
  A ball python (D:1)
  3 giant cockroaches
  6 goblins
  4 hobgoblins
  7 bats
  3 frilled lizards
  4 kobolds
  6 rats
52 creatures vanquished.

Vanquished Creatures (collateral kills)
  An orc priest (D:5)
1 creature vanquished.

Vanquished Creatures (others)
  An orc wizard (D:5)
1 creature vanquished.

Grand Total: 54 creatures vanquished

Notes
Turn   | Place    | Note
-------+----------+-------------------------------------------
     0 | D:1      | Anon1729 the Naga Gladiator began the quest for the Orb.
     0 | D:1      | Reached XP level 1. HP: 19/19 MP: 1/1
   225 | D:1      | Reached XP level 2. HP: 25/26 MP: 2/2
   540 | D:2      | Found a shimmering altar of Xom.
   723 | D:2      | Reached XP level 3. HP: 23/32 MP: 3/3
  1096 | D:3      | Noticed a scorpion
  1100 | D:3      | Killed a scorpion
  1100 | D:3      | Reached skill level 1 in Armour
  1100 | D:3      | Reached XP level 4. HP: 35/40 MP: 4/4
  1134 | D:3      | Found a faded altar of an unknown god.
  1188 | D:3      | Noticed Sigmund
  1194 | D:3      | Killed Sigmund
  1194 | D:3      | Reached skill level 4 in Axes
  1194 | D:3      | Reached XP level 5. HP: 30/49 MP: 5/5
  1194 | D:3      | Reached XP level 6. HP: 34/56 MP: 6/6
  1912 | D:4      | Reached skill level 5 in Axes
  2318 | D:4      | Reached XP level 7. HP: 3/63 MP: 7/7
  2723 | D:4      | Found an ancient bone altar of Kikubaaqudgha.
  2798 | D:5      | Entered Level 5 of the Dungeon
  3072 | D:5      | Killed from afar by an orc priest

Skill      XL: |  1  2  3  4  5  6  7 |
---------------+----------------------+-----
Throwing       | 2 |  2.0
Armour         | 1 2 |  2.6
Fighting       | 3 4 |  4.0
Axes           | 4 5 |  5.9
Dodging        | 3 |  3.2

Action                   |  1- 3 |  4- 6 |  7- 9 || total
-------------------------+-------+-------+-------++-------
Melee: War axe           |    76 |    80 |    25 ||   181
       Hand axe          |       |       |    14 ||    14
 Abil: Spit Poison       |       |     1 |     3 ||     4
Evoke: Wand              |       |       |     4 ||     4
  Use: Scroll            |       |       |     8 ||     8
 Stab: Sleeping          |       |     1 |       ||     1
  Eat: Chunk             |       |     3 |     1 ||     4
Armor: Leather armour    |    30 |    32 |    18 ||    80
Dodge: Dodged            |    67 |    45 |    17 ||   129
